AoeStats
← anmolmaly

Arena

510508629Analyzed
1v1 RM · 20h ago on Oct 1, 2026· 32m 6s· 2 players
Game mode
Random Map
Map size
Tiny (2 player)
Population
200
Speed
Normal
Resources
Standard
Victory
Conquest
Starting age
Dark Age
Ending age
Imperial Age
RankedLock teamsTeams togetherTeam positionsShared explorationLock speedFull tech treeHidden civsTurbo modeCheats
Victory
Defeat
🇮🇳 Ethiopians · India
1675
+12
🇦🇹 Wei · Austria
1577
-12
anmolmaly
9:15 Feudal Age
10:28 Double-Bit Axe
12:48 Castle Age
13:50 Bow Saw
13:22 Horse Collar
19:44 Wheelbarrow
19:36 Heavy Plow
22:03 Hand Cart
22:19 Gold Mining
25:48 Imperial Age
23:25 Fletching
23:30 Loom
23:27 Crossbowman
24:16 Bodkin Arrow
24:44 Ballistics
25:25 Thumb Ring
25:54 Arbalester
27:38 Chemistry
26:54 Bracer
28:32 Two-Man Saw
30:43 Padded Archer Armor
30:45 Scale Mail Armor
30:55 Forging
31:29 Conscription
30:47 Elite Shotel Warrior
31:48 Royal Heirs
32:36 Chain Mail Armor
32:37 Leather Archer Armor
[Rx3]Tob
10:17 Feudal Age
14:13 Castle Age
12:29 Double-Bit Axe
12:52 Horse Collar
13:33 Gold Mining
16:26 Bow Saw
20:02 Wheelbarrow
20:21 Heavy Plow
20:39 Stone Mining
22:45 Hand Cart
25:54 Scale Barding Armor
26:00 Forging
28:24 Imperial Age
25:39 Loom
26:58 Gold Shaft Mining
27:21 Chain Barding Armor
27:40 Bloodlines
26:51 Light Cavalry
27:32 Husbandry
27:45 Elite Skirmisher
28:17 Fletching
28:27 Padded Archer Armor
29:06 Iron Casting
29:34 Stone Shaft Mining
29:50 Conscription
29:35 Tuntian
29:44 Bodkin Arrow
29:44 Light Cavalry
30:47 Bracer
31:55 Chemistry
31:44 Leather Archer Armor
31:51 Ballistics
Connection lost

Rejoining the realm…

Still unreachable

The connection could not be restored.

Session expired

The server has moved on; the page needs a fresh start.